 Dungeon Crawl Stone Soup version 0.29-a0-1008-g949cc1d0fb (webtiles) character file.

Game seed: 13366637454424443991

347 inmateoo the Poker (level 6, -2/51 HPs)
             Began as a Formicid Cinder Acolyte on Aug 7, 2022.
             Was a High Priest of Ignis.
             Slain by a gnoll
             ... wielding a +0 halberd
              (6 damage)
             ... on level 4 of the Dungeon.
             The game lasted 00:04:42 (3847 turns).

inmateoo the Poker (Formicid Cinder Acolyte)        Turns: 3847, Time: 00:04:43

Health: -2/51      AC: 10    Str: 15 (18) XL:     6   Next: 91%
Magic:  7/7        EV: 11    Int: 15 (16) God:    Ignis [*****.]
Gold:   166        SH:  0    Dex:  6 (9)  Spells: 5/7 levels left

rFire   + . .      SeeInvis +   a - +0 spear (flame)
rCold   . . .      Faith    .   (no shield)
rNeg    . . .      Spirit   .   b - +1 robe
rPois   .          Reflect  .   (helmet unavailable)
rElec   .          Harm     .   c - scarf {repulsion}
rCorr   .          Rampage  .   (no gloves)
Will    .....                   (no boots)
Stlth   +.........              (no amulet)
HPRegen 0.17/turn               (no ring)
MPRegen 0.10/turn               (no ring)

@: brilliant, fiery-armoured, repel missiles
A: permanent stasis, dig shafts and tunnels, antennae 3, four strong arms
a: Dig, Shaft Self, Renounce Religion, Fiery Armour, Foxfire Swarm, Rising Flame


You were on level 4 of the Dungeon.
You worshipped Ignis.
Ignis was extremely pleased with you.
You visited 1 branch of the dungeon, and saw 5 of its levels.

You collected 166 gold pieces.

Inventory:

Hand Weapons
 a - a +0 spear of flaming (weapon)
Missiles
 d - 2 silver boomerangs
Armour
 b - a +1 robe (worn)
 c - a scarf of repulsion (worn)
Wands
 k - a wand of flame (18)
Scrolls
 m - a scroll of butterflies
Potions
 f - a potion of resistance
 g - a potion of curing
 j - a potion of degeneration
 n - a potion of brilliance
 p - a potion of attraction {unknown}


   Skills:
 + Level 5.1 Fighting
 * Level 6.0 Polearms
 + Level 0.2 Armour
 + Level 0.2 Dodging
 + Level 1.2 Spellcasting
 + Level 3.0 Fire Magic


You had 5 spell levels left.
You knew the following spells:

 Your Spells              Type           Power      Damage    Failure   Level
a - Scorch                Fire           30%        2d7       11%         2

Your spell library contained the following spells:

 Spells                   Type           Power      Damage    Failure   Level
 Beastly Appendage        Tmut           2%         N/A       24%         1
 Ensorcelled Hibernation  Hex/Ice        2%         N/A       36%         2
 Passwall                 Tmut/Erth      0%         N/A       36%         2
 Wereblood                Tmut           1%         N/A       36%         2
 Spider Form              Tmut/Pois      1%         N/A       58%         3
 Iskenderun's Battlesphe  Conj           1%         2d6       100%        5
 Iron Shot                Conj/Erth      0%         9d1       100%        6
 Spellforged Servitor     Conj/Summ      0%         N/A       100%        7
 Swiftness                Air            Unusable   N/A       N/A         3

Dungeon Overview and Level Annotations

Branches:
Dungeon (5/15)
 Temple: D:4-7

Altars:
Makhleb
Qazlal


Innate Abilities, Weirdness & Mutations

You cannot be hasted, slowed, berserked, paralysed or teleported.
You can dig through walls and to a lower floor.
You have a pair of large antennae on your head. (SInv)
Your four strong arms can wield two-handed weapons with a shield.


Message History

You climb upwards.
There is a stone staircase leading down here.
Casting: Scorch (safe; 10% risk of failure)
Confirm with . or Enter, or press ? or * to list all spells.
Flames lash the gnoll.
The gnoll is heavily wounded.
The gnoll's fire resistance burns away.
The gnoll hits you with a +0 halberd!
* * * LOW HITPOINT WARNING * * *
The gnoll misses you.
You feel better. The gnoll hits you with a +0 halberd!
* * * LOW HITPOINT WARNING * * *
The gnoll hits you but does no damage.
Okay, then.
A protective cloak of flame settles atop you.
The gnoll hits you with a +0 halberd!
* * * LOW HITPOINT WARNING * * *
The gnoll is burned by your cloak of flames.
The gnoll is severely wounded.
The gnoll hits you but does no damage.
The gnoll is burned by your cloak of flames.
The gnoll is heavily wounded.
Unknown command.
It was a potion of degeneration.
There was something very wrong with that liquid.
You feel weakened.
You feel dopey.
You feel clumsy. The gnoll barely misses you.
The gnoll hits you with a +0 club.
* * * LOW HITPOINT WARNING * * *
The gnoll is burned by your cloak of flames.
The gnoll is severely wounded.
It was a potion of brilliance.
You feel clever all of a sudden.
The gnoll is no longer more vulnerable to fire.
The gnoll hits you with a +0 halberd.
* * * LOW HITPOINT WARNING * * *
The gnoll is burned by your cloak of flames.
The gnoll is almost dead.
The gnoll barely misses you.
It was a potion of magic.
Magic courses through your body. The gnoll hits you with a +0 halberd.
You die...

##.# #.# #.#
#.'.._.. ##)# #.#
###.######.#.....
#<# #.#
#.......##.#.♣♣♣.
##.# #.#
#.#........#.....
.#.# #.#
#.#......#.#'###'
.#.#
#.###.##.....#...#
#. ...#
#..[........######
## .###
####g####..#######
.# #@# #........#
## #g# ##.#####.#
.# #.# #.# #.# .#
#.# ##.# #.# .####
#.# #.[# #.#
....############.#
#.## #.#
.................#
#.# #.#
....##############
##.######.# >..##
#.).......#


You could see 2 gnolls.

Vanquished Creatures
  A scorpion (D:4)
  2 orc priests (D:4)
  Crazy Yiuf (D:4)
  Terence (D:2)
  Natasha (thrice) (D:3)
  A gnoll (D:5)
  2 adders
  4 dart slugs
  6 orcs
  3 bats
  4 endoplasms
  A giant cockroach (D:2)
  3 goblins
  5 hobgoblins
  7 jackals
  8 kobolds
  3 quokkas
  4 ball pythons
  4 frilled lizards
  3 rats
66 creatures vanquished.

Vanquished Creatures (others)
  2 fungi (D:4)
2 creatures vanquished.

Grand Total: 68 creatures vanquished

Notes
Turn   | Place    | Note
-------+----------+-------------------------------------------
     0 | D:1      | inmateoo the Formicid Cinder Acolyte began the quest for
                  | the Orb.
     0 | D:1      | Reached XP level 1. HP: 18/18 MP: 2/2
   101 | D:1      | Reached XP level 2. HP: 17/24 MP: 3/3
   442 | D:1      | Found a faded altar of an unknown god.
   448 | D:1      | Learned a level 2 spell: Scorch
   849 | D:2      | Reached XP level 3. HP: 27/30 MP: 4/4
   956 | D:2      | Found a stormy altar of Qazlal.
   958 | D:2      | Noticed Terence
   967 | D:2      | Killed Terence
   968 | D:2      | Reached skill level 4 in Polearms
   968 | D:2      | Reached XP level 4. HP: 28/37 MP: 0/5
  1643 | D:3      | Noticed Natasha
  1669 | D:3      | Killed Natasha
  1670 | D:3      | Reached XP level 5. HP: 21/42 MP: 3/6
  1962 | D:3      | Noticed Natasha
  1972 | D:3      | Killed Natasha
  2231 | D:3      | Noticed Natasha
  2237 | D:3      | Killed Natasha
  2238 | D:3      | Reached skill level 5 in Polearms
  2760 | D:4      | Reached XP level 6. HP: 41/49 MP: 4/7
  3016 | D:4      | Reached skill level 5 in Fighting
  3245 | D:4      | Reached skill level 6 in Polearms
  3286 | D:4      | Found a burning altar of Makhleb.
  3476 | D:4      | Found a runed translucent door.
  3477 | D:4      | Noticed Crazy Yiuf
  3601 | D:4      | Killed Crazy Yiuf
  3723 | D:5      | Entered Level 5 of the Dungeon
  3847 | D:4      | Slain by a gnoll

Illustrated notes

Levels and vault maps discovered:
D:1:      heliophobic_arrival_battle_scene, layout_basic,
          dilly_ecumenical_altar_fadedgnrine, serial_bayou_pond_b, minivault_27
D:2:      layout_loops_ring, basic_altar, fountainhead, uniq_terence
D:3:      layout_loops_cross, chequers_serial_rivers_small_b, uniq_natasha
D:4:      layout_loops_ring, mainiacjoe_overflow_six_doors_small,
          serial_bayou_pond_e, uniq_crazy_yiuf_cottage
D:5:      layout_basic, nicolae_ru_great_annihilating_truth,
          nicolae_underground_beach

Skill      XL: |  1  2  3  4  5  6 |
---------------+-------------------+-----
Polearms       | 4 5 6 |  6.0
Fighting       | 4 5 |  5.1
Armour         | |  0.2
Dodging        | |  0.2
Spellcasting   | |  1.2
Fire Magic     | |  3.0

Action                   |  1- 3 |  4- 6 || total
-------------------------+-------+-------++-------
Melee: Spear             |    48 |   160 ||   208
       Punch             |       |     2 ||     2
 Cast: Scorch            |     2 |    21 ||    23
Invok: Fiery Armour      |       |     1 ||     1
Evoke: Wand              |       |     8 ||     8
  Use: Scroll            |       |     9 ||     9
       Potion            |       |     5 ||     5
 Stab: Sleeping          |     1 |     2 ||     3
Armor: Robe              |     2 |    19 ||    21
Dodge: Dodged            |    16 |    75 ||    91
       Repelled          |       |     1 ||     1

Table legend: (Time is in decaauts)
 A = Elapsed time spent in this place.
 B = Non-inter-level travel time spent in this place.
 C = Inter-level travel time spent in this place.
 D = Time resting spent in this place.
 E = Time spent auto-exploring this place.
 F = Levels seen in this place.
 G = Mean time per level.
                   A        B        C        D        E       F      G
               +--------+--------+--------+--------+--------+-----+--------+
         Total |   3824 |   3689 |    135 |   1114 |   1927 |   5 |  764.8 |
       Dungeon |   3824 |   3689 |    135 |   1114 |   1927 |   5 |  764.8 |
               +--------+--------+--------+--------+--------+-----+--------+

Top non-repeatable levels by time:
     D:3: 1103 daAuts
     D:4: 1070 daAuts
     D:2: 865 daAuts
     D:1: 761 daAuts
     D:5: 23 daAuts
